 Dungeon Crawl Stone Soup version 0.17-a0-2109-g117576f (webtiles) character file.

256 SlimeFever the Sneak (level 5, -11/37 HPs)
             Began as a Vampire Enchanter on Oct 20, 2015.
             Mangled by an ogre
             ... wielding a +0 giant spiked club
              (16 damage)
             ... on level 5 of the Dungeon.
             The game lasted 00:29:12 (3669 turns).

SlimeFever the Sneak (Vampire Enchanter)            Turns: 3669, Time: 00:29:12

Health: -11/37     AC:  4    Str: 10    XL:     5   Next: 92%
Magic:  5/9        EV: 13    Int: 18    God:
Gold:   283        SH:  0    Dex: 15    Spells: 2 memorised, 6 levels left

rFire  + . .     SeeInvis +     a - +3 short sword (vamp)
rCold  + . .     Clarity  .     g - +1 leather armour
rNeg   + + .     SustAt   .     (no shield)
rPois  +         Gourm    .     (no helmet)
rElec  .         Spirit   .     (no cloak)
rCorr  .         Warding  .     (no gloves)
rMut   .         Stasis   .     (no boots)
MR     .....                    (no amulet)
Stlth  ++++......               w - +3 ring of strength
                                p - ring of protection from fire

@: very slightly contaminated, regenerating slowly, not resistant to hostile
enchantments, stealthy
A: fangs 3, see invisible, unbreathing
a: Bat Form


You were on level 5 of the Dungeon.
You were very thirsty.

You visited 1 branch of the dungeon, and saw 5 of its levels.

You collected 283 gold pieces.

Inventory:

Hand Weapons
 a - a +3 vampiric short sword (weapon)
 b - a +0 hand crossbow
 k - a +1 dagger
Missiles
 j - 52 arrows
 m - 4 javelins (quivered)
 q - 46 bolts
 u - 16 arrows of frost
Armour
 f - a +0 large shield
 g - a +1 leather armour (worn)
 o - a +0 scale mail
Jewellery
 p - a ring of protection from fire (left hand)
 w - a +3 ring of strength (right hand)
Wands
 s - a wand of draining (7)
 y - a wand of magic darts (14)
Scrolls
 n - 2 scrolls of remove curse
 x - a scroll of identify
Potions
 d - a potion of berserk rage {unknown}
 e - a potion of resistance
 h - a potion of brilliance {unknown}
 i - a potion of heal wounds {unknown}
 r - a potion of lignification {unknown}
 t - 2 potions of magic
 v - a potion of might {unknown}
Books
 c - a book of Maledictions

   Spells                             Type                      Level
   a - Corona                         Hexes                        1
   b - Ensorcelled Hibernation        Hexes/Ice                    2
   c - Confuse                        Hexes                        3
   d - Tukima's Dance                 Hexes                        3
   e - Dazzling Spray                 Conjuration/Hexes            3
Comestibles
 l - 3 fruits


   Skills:
 + Level 1.0 Fighting
 * Level 2.9 Short Blades
 + Level 0.7 Armour
 + Level 3.5 Dodging
 + Level 6.2 Stealth
 + Level 2.7 Spellcasting
 + Level 5.3 Hexes
 + Level 0.2 Ice Magic


You had 6 spell levels left.
You knew the following spells:

 Your Spells              Type           Power        Failure   Level  Hunger
a - Corona                Hex            ###....      2%          1    None
b - Ensorcelled Hibernat  Hex/Ice        ##....       14%         2    ##.....


Dungeon Overview and Level Annotations

Branches:
Dungeon (5/15)
 Temple: D:4-7

Altars:
Dithmenos
Elyvilon
Kikubaaqudgha
Qazlal
Sif Muna
Vehumet

Shops:
D:5 (


Innate Abilities, Weirdness & Mutations

You heal slowly.
You have razor-sharp teeth.
You have supernaturally acute eyesight.
You can survive without breathing.


Message History

The ogre misses you. The ooze hits you.
* * * LOW HITPOINT WARNING * * *
You hit the ooze.
You feel better.
The ooze is severely wounded.
The ooze misses you.
The ogre hits you with a giant spiked club.
* * * LOW HITPOINT WARNING * * *
You puncture the ooze!
You feel better.
You kill the ooze!
Casting: Ensorcelled Hibernation
Confirm with . or Enter, or press ? or * to list all spells.
Aiming: Ensorcelled Hibernation
Press: ? - help, Shift-Dir - straight line, f/p - ogre
Aim: an ogre, wielding a giant spiked club (chance to defeat MR: 43%)
You miscast Ensorcelled Hibernation.
You are very lightly contaminated with residual magic.
Your hands feel numb with cold.
You are feeling very thirsty.
The ogre hits you with a giant spiked club!
You die...

♣.♣♣♣
♣.♣
♣♣.♣
♣.♣♣
♣.♣
♣♣.♣
♣♣.♣♣
♣O.♣
♣@♣♣
♣♣♣ #
#. ..
#


You could see an ogre.

Vanquished Creatures
  An ogre (D:4)
  A scorpion (D:5)
  An iguana (D:5)
  A hound skeleton (D:5)
  2 adders
  3 oozes
  A worm (D:2)
  An orc (D:5)
  3 bats
  6 giant cockroaches
  6 goblins
  4 hobgoblins
  3 quokkas
  A ball python (D:1)
  4 giant geckos
  3 giant newts
  6 jackals
  A jackal skeleton (D:4)
  10 kobolds
  6 rats
64 creatures vanquished.

Notes
Turn   | Place    | Note
--------------------------------------------------------------
     0 | D:1      | SlimeFever the Vampire Enchanter began the quest for the Orb.
     0 | D:1      | Reached XP level 1. HP: 13/13 MP: 3/3
   487 | D:1      | Reached XP level 2. HP: 19/19 MP: 5/5
   498 | D:1      | Learned a level 2 spell: Ensorcelled Hibernation
   731 | D:1      | Reached skill level 5 in Stealth
   924 | D:2      | Reached XP level 3. HP: 24/24 MP: 6/6
  1092 | D:2      | Found a shadowy altar of Dithmenos.
  1829 | D:3      | Found an ancient bone altar of Kikubaaqudgha.
  1832 | D:3      | Found a white marble altar of Elyvilon.
  1835 | D:3      | Found a deep blue altar of Sif Muna.
  1838 | D:3      | Found a radiant altar of Vehumet.
  2416 | D:3      | Found a stormy altar of Qazlal.
  2883 | D:4      | Noticed an ogre
  2892 | D:4      | Killed an ogre
  2892 | D:4      | Reached skill level 5 in Hexes
  2892 | D:4      | Reached XP level 4. HP: 28/31 MP: 5/8
  2892 | D:4      | Reached XP level 5. HP: 32/36 MP: 5/9
  2983 | D:4      | Reached skill level 6 in Stealth
  3373 | D:5      | Entered Level 5 of the Dungeon
  3410 | D:5      | Found Sismiyfa's Weapon Shop.
  3624 | D:5      | Reached skill level 1 in Fighting
  3626 | D:5      | Noticed an ogre
  3669 | D:5      | Mangled by an ogre

Vault maps used:
D:1:      scummos_arrival_simple_fountains
D:2:      overflow_temple_1_default, grunt_decor_resistance,
          minmay_misc_feat_iff
D:3:      lemuel_doored_altar, grunt_temple_overflow_cloverleaf,
          hangedman_decor_growths
D:4:      minmay_surrounded
D:5:      forest_paths, nicolae_ossuary_entry_giza, first_bread, serial_shops,
          shop_fountains, hangedman_abyss_or_decor_passed

Action                   |  1- 3 |  4- 6 || total
-------------------------+-------+-------++-------
Melee: Dagger            |    48 |       ||    48
       Short sword       |    81 |    45 ||   126
 Fire: Hand crossbow     |       |     1 ||     1
 Cast: Corona            |    13 |     3 ||    16
       Ensorcelled Hiber |     1 |     2 ||     3
  Use: Scroll            |     7 |     3 ||    10
       Potion            |     1 |     1 ||     2
 Stab: Sleeping          |    17 |     2 ||    19
       Distracted        |       |     1 ||     1
  Eat: Corpse            |     3 |     1 ||     4
